 Dungeon Crawl Stone Soup version 0.30.1-4-g462c640d31 (webtiles) character file.

Game seed: 6514716303203641849

54 HagarQim the Conjurer (level 3, -3/19 HPs)
             Began as a Deep Elf Conjurer on Aug 18, 2023.
             Was a Follower of Dithmenos.
             Slain by a gnoll
             ... wielding a +0 halberd
              (12 damage)
             ... on level 2 of the Dungeon.
             The game lasted 00:04:09 (1131 turns).

HagarQim the Conjurer (Deep Elf Conjurer)           Turns: 1131, Time: 00:04:10

Health: -3/19      AC:  2    Str:  6    XL:     3   Next: 66%
Magic:  2/10       EV:  6    Int: 22    God:    Dithmenos [*.....]
Gold:   35         SH:  0    Dex: 13    Spells: 6/9 levels left

rFire   . . .        c - +0 dagger
rCold   . . .        (no shield)
rNeg    . . .        a - +0 robe
rPois   .            (no helmet)
rElec   .            (no cloak)
rCorr   .            (no gloves)
SInv    .            (no boots)
Will    .....        (no amulet)
Stlth   +++          f - ring of wizardry
HPRegen 0.23/turn    (no ring)
MPRegen 0.12/turn

%: wizardry (x1)
@: held, wreathed by umbra
A: no striking features
a: Renounce Religion


You were on level 2 of the Dungeon.
You worshipped Dithmenos.
Dithmenos was aware of your devotion.
You visited 1 branch of the dungeon, and saw 2 of its levels.

You collected 35 gold pieces.

Inventory:

Hand Weapons
 c - a +0 dagger (weapon)
Armour
 a - a +0 robe (worn)
Jewellery
 f - a ring of wizardry (left hand)
Scrolls
 d - a scroll of butterflies {unknown}
 g - a scroll of poison {unknown}
 i - a scroll of identify {unknown}
Potions
 b - a potion of magic
 e - a potion of haste {unknown}
 j - a potion of brilliance {unknown}
 k - 2 potions of degeneration {unknown}


   Skills:
 + Level 2.5 Dodging
 + Level 3.3 Stealth
 + Level 3.5 Spellcasting
 + Level 5.3 Conjurations


You had 6 spell levels left.
You knew the following spells:

 Your Spells              Type           Power      Damage    Failure   Level
a - Magic Dart            Conj           100%       1d8       1%          1
b - Searing Ray           Conj           54%        2d6       1%          2

Your spell library contained the following spells:

 Spells                   Type           Power      Damage    Failure   Level
 Dazzling Flash           Conj/Hex       30%        N/A       4%          3
 Fulminant Prism          Conj/Hex       7%         3d7       16%         4
 Iskenderun's Mystic Bla  Conj/Tloc      15%        2d5       16%         4


Dungeon Overview and Level Annotations

Branches:
Dungeon (2/15)

Altars:
Dithmenos

Shops:
D:1 :


Message History

It was a scroll of magic mapping.
Found a scroll labelled EJIGYI QOKK and 5 stones.
Found 4 stones.
You see here a +0 spear.
You see here 5 stones.
Found 17 gold pieces.
A gnoll comes into view. It is wielding a +0 flail.
The magic dart hits the gnoll.
The gnoll is moderately wounded.
A gnoll comes into view. It is wielding a +0 halberd.
The magic dart hits the gnoll.
The gnoll is severely wounded.
The gnoll shouts!
A gnoll comes into view. It is wielding a +0 flail.
The magic dart hits the gnoll but does no damage.
The gnoll is severely wounded.
The gnoll shouts!
The magic dart hits the gnoll.
The gnoll is almost dead.
A gnoll comes into view. It is wielding a +0 halberd.
The magic dart hits the gnoll.
You kill the gnoll!
Dithmenos accepts your kill.
The magic dart hits the gnoll.
The gnoll is heavily wounded.
The magic dart hits the gnoll.
The gnoll is heavily wounded.
The magic dart hits the gnoll but does no damage.
The gnoll is heavily wounded.
The gnoll throws a throwing net.
The throwing net hits you.
You become entangled in the net!
The gnoll barely misses you.
You are held in a net!
You are held in a net!
You tear a large gash into the net.
The gnoll hits you from afar with a +0 halberd!
Ouch! That really hurt!
You struggle against the net.
The gnoll hits you from afar with a +0 halberd!
Ouch! That really hurt!
You die...

#..# *,..*** *,,**,....g,,,**
#..# *,*.,,* **,**,.....,,** ...#
*,******* *,**......,,* #..#
*,,,,,,^* *,**..g...,,* ...#
*******,* *,,#......,,* ...#
*,####*,.......,,* ...#
***,#..###..g#****** * ...#
**#,*,##.g.)...#**,,,*** ...#
*###..,*,#@.g.##......*+*,,
...####...(*#.,#.####*,...##*,,,,
#..##...#***#.*#.# *,,#.#***,,∩
#.....#** #.*#.# **,*,..**,,,
#.>#..# #.##.# *,,**.,**,,
#.....### #..#.# **,**,,,+,*
#.#..)..# *#...# *,,*,*****
#.#...#.## ##..## **,*,**
..##.....####...#* *,,,,****


You could see 3 gnolls.

Vanquished Creatures
  A gnoll (D:2)
  An adder (D:2)
  2 dart slugs (D:1)
  2 bats (D:1)
  3 endoplasms (D:1)
  4 goblins (D:1)
  A hobgoblin (D:1)
  6 jackals (D:1)
  2 kobolds (D:1)
  A quokka (D:1)
  4 ball pythons (D:1)
  A frilled lizard (D:1)
  2 rats (D:1)
30 creatures vanquished.

Notes
Turn   | Place    | Note
-------+----------+-------------------------------------------
     0 | D:1      | HagarQim the Deep Elf Conjurer began the quest for the Orb.
     0 | D:1      | Reached XP level 1. HP: 10/10 MP: 6/6
   237 | D:1      | Reached XP level 2. HP: 15/15 MP: 6/8
   258 | D:1      | Learned a level 2 spell: Searing Ray
   288 | D:1      | Found Xokulit's Book Shop.
   349 | D:1      | Reached skill level 5 in Conjurations
   404 | D:1      | Found a faded altar of an unknown god.
   452 | D:1      | Prayed at the altar of an unknown god.
   452 | D:1      | Became a worshipper of Dithmenos the Shadowed
   452 | D:1      | Reached * piety under Dithmenos
   647 | D:1      | Reached XP level 3. HP: 17/19 MP: 4/9
  1131 | D:2      | Slain by a gnoll

Illustrated notes

Levels and vault maps discovered:
D:1:      dpeg_arrival_leaves_temple_mockup, layout_loops_cross, serial_shops,
          nicolae_shop_waterfront, hellmonk_ecumenical_altar_dog_temple
D:2:      layout_rooms, serial_shops, nicolae_shop_rolling_square,
          corner_web_ring, serial_park_tiny_1, minmay_misc_feat_room

Skill      XL: |  1  2  3 |
---------------+----------+-----
Conjurations   | 5 |  5.3
Stealth        | 3 |  3.3
Dodging        | |  2.5
Spellcasting   | |  3.5

Action                     || total
---------------------------++-------
  Melee: Dagger            ||     6
   Cast: Magic Dart        ||    59
    Use: Scroll            ||     1
   Stab: Sleeping          ||     1
  Dodge: Dodged            ||     9
